Map: New Richmond

Players

TimeTwist

  • Race: Protoss Protoss
  • Spawn Location: 11:00

Myran

  • Race: Protoss Protoss
  • Spawn Location: 3:00

dallaskuken

  • Race: Protoss Protoss
  • League: Platinum
  • Spawn Location: 6:00

FrogMint

  • Race: Zerg Zerg
  • Spawn Location: 12:00

Loken

  • Race: Zerg Zerg
  • League: Platinum
  • Spawn Location: 5:00

Scaramanga

  • Race: Terran Terran
  • Spawn Location: 7:00

VOD

Have the link to the VOD?

Description

Time

  • Played on: March 16, 2017, 8:15 p.m.
  • Length: 15:40
Show
View Real Time Build Order
Export as new Build Order

TimeTwist Protoss 

Build Orders: Dark Templar Rush 

Get SALT Encoding   

  12  0:01  Probe (Chrono Boost)  
  13  0:11  Probe (Chrono Boost)  
  14  0:22  Pylon  
  14  0:26  Probe (Chrono Boost)  
  15  0:40  Probe (Chrono Boost)  
  15  0:42  Gateway  
  16  0:50  Assimilator  
  16  0:51  Probe (Chrono Boost)  
  17  0:59  Pylon  
  17  1:01  Probe (Chrono Boost)  
  18  1:12  Probe (Chrono Boost)  
  19  1:22  Probe (Chrono Boost)  
  20  1:32  Cybernetics Core  
  20  1:36  Probe (Chrono Boost)  
  21  1:43  Zealot  
  21  1:46  Assimilator  
  23  1:51  Probe (Chrono Boost)  
  24  1:55  Warp Gate  
  24  2:02  Probe (Chrono Boost)  
  25  2:14  Probe (Chrono Boost)  
  26  2:19  Pylon  
  26  2:25  Twilight Council  
  26  2:29  Zealot  
  28  2:34  Probe (Chrono Boost)  
  29  2:52  Probe (Chrono Boost)  
  29  2:53  Gateway  
  29  2:57  Gateway  
  29  3:04  Stalker  
  31  3:17  Nexus  
  31  3:31  Probe (Chrono Boost)  
  31  3:32  Pylon  
  31  3:33  Dark Shrine  
  32  4:02  Probe (Chrono Boost)  
  33  4:04  Stalker  
  33  4:05  Stalker x2  
  39  4:14  Probe (Chrono Boost)  
  39  4:15  Pylon  
  40  4:26  Probe (Chrono Boost)  
  41  4:39  Probe (Chrono Boost)  
  41  4:40  Probe (Chrono Boost)  
  43  4:46  Dark Templar  
  43  4:47  Dark Templar  
  43  4:48  Dark Templar  
  49  4:58  Probe (Chrono Boost)  
  49  4:59  Probe (Chrono Boost)  
  51  5:03  Pylon  
  51  5:07  Robotics Facility  
  51  5:09  Probe (Chrono Boost)  
  51  5:11  Probe (Chrono Boost)  
  53  5:18  Pylon  
  53  5:19  Probe (Chrono Boost)  
  53  5:21  Assimilator, Pylon  
  54  5:23  Probe (Chrono Boost)  
  54  5:25  Assimilator  
  54  5:26  Stalker  
  55  5:40  Forge  
  52  5:48  Dark Templar  
  42  6:23  Observer  
  42  6:24  Probe (Chrono Boost)  
  45  6:26  Probe (Chrono Boost)  
  45  6:34  Photon Cannon  
  45  6:38  Probe (Chrono Boost)  
  46  6:40  Photon Cannon  
  44  6:48  Dark Templar  
  46  6:54  Zealot  
  46  6:57  Dark Templar  
  50  7:11  Probe (Chrono Boost)  
  50  7:12  Probe (Chrono Boost)  
  52  7:21  Protoss Ground Armor Level 1  
  53  7:23  Sentry  
  53  7:24  Zealot, Probe (Chrono Boost)  
  57  7:32  Probe (Chrono Boost)  
  57  7:36  Probe (Chrono Boost)  
  56  7:39  Dark Templar  
  56  7:43  Probe (Chrono Boost)  
  59  7:48  Probe (Chrono Boost), Dark Templar  
  59  7:50  Zealot  
  64  7:53  Probe (Chrono Boost)  
  65  8:00  Archon  
  65  8:03  Probe (Chrono Boost)  
  65  8:04  Probe (Chrono Boost)  
  67  8:15  Probe (Chrono Boost)  
  68  8:21  Dark Templar  
  68  8:22  Dark Templar x2  
  68  8:25  Probe (Chrono Boost)  
  76  8:28  Probe (Chrono Boost)  
  76  8:35  Probe (Chrono Boost)  
  77  8:46  Gateway  
  77  8:48  Gateway, Nexus  
  77  8:50  Pylon  
  77  8:55  Pylon  
  77  9:00  Protoss Ground Weapons Level 1  
  77  9:01  Stalker x2  
  81  9:03  Sentry  
  81  9:08  Probe (Chrono Boost)  
  81  9:09  Probe (Chrono Boost)  
  85  9:21  Probe (Chrono Boost)  
  85  9:22  Probe (Chrono Boost)  
  87  9:33  Probe (Chrono Boost)  
  87  9:34  Zealot x3, Probe (Chrono Boost)  
  96  9:45  Probe (Chrono Boost)  
  96  10:04  Charge  
  96  10:13  Zealot  
  96  10:14  Zealot x2  
  100  10:23  Probe (Chrono Boost)  
  100  10:24  Probe (Chrono Boost)  
  100  10:25  Probe (Chrono Boost)  
  103  10:34  Probe (Chrono Boost)  
  106  10:37  Probe x2 (Chrono Boost)  
  106  10:39  Assimilator  
  106  10:41  Photon Cannon  
  106  10:43  Dark Templar  
  106  10:44  Dark Templar x2  
  106  10:45  Assimilator  
  106  10:46  Archon  
  106  10:48  Archon  
  106  10:49  Archon  
  112  11:02  Gateway  
  112  11:04  Gateway, Pylon  
  112  11:10  Pylon  
  112  11:11  Robotics Bay  
  112  11:15  Stalker x2, Forge  
  112  11:16  Stalker  
  112  11:17  Stalker x2  
  122  11:20  Probe (Chrono Boost)  
  122  11:22  Probe x2 (Chrono Boost)  
  122  11:23  Immortal  
  129  12:01  Dark Templar  
  129  12:02  Dark Templar x3  
  49  12:28  Dark Templar  
  51  12:37  Dark Templar  
  51  12:38  Dark Templar  
  55  13:12  Nexus  
  55  13:14  Pylon, Zealot x2  
  55  13:17  Dark Templar  
  55  13:18  Pylon  
  61  13:28  Archon x2  
  61  13:31  Stalker x2, Blink  
  57  13:51  Stalker x2  
  61  13:58  Assimilator  
  61  13:59  Probe (Chrono Boost)  
  61  14:02  Probe (Chrono Boost)  
  59  14:04  Stalker  
  59  14:05  Stalker  
  64  14:11  Probe (Chrono Boost)  
  64  14:13  Zealot  
  64  14:14  Probe (Chrono Boost)  
  67  14:21  Dark Templar  
  69  14:25  Zealot  
  69  15:25  Nexus  
  69  15:26  Archon  
  69  15:33  Pylon  
  69  15:37  Pylon  
Show
View Real Time Build Order
Export as new Build Order

Myran Protoss 

Build Orders:  

Get SALT Encoding   

  12  0:02  Probe (Chrono Boost)  
  13  0:12  Probe (Chrono Boost)  
  14  0:21  Pylon  
  14  0:23  Probe (Chrono Boost)  
  15  0:39  Probe (Chrono Boost)  
  15  0:41  Gateway  
  16  0:50  Probe (Chrono Boost)  
  16  0:56  Pylon  
  17  1:00  Probe (Chrono Boost)  
  18  1:12  Probe (Chrono Boost)  
  19  1:20  Assimilator  
  19  1:23  Assimilator  
  19  1:34  Cybernetics Core  
  19  1:35  Probe (Chrono Boost)  
  20  1:46  Forge  
  20  1:48  Probe (Chrono Boost)  
  21  1:56  Pylon  
  21  1:58  Probe (Chrono Boost)  
  22  2:21  Photon Cannon  
  22  2:25  Photon Cannon, Probe (Chrono Boost)  
  23  2:35  Zealot  
  23  2:37  Pylon  
  26  2:44  Probe (Chrono Boost)  
  26  2:53  Stargate  
  26  3:16  Photon Cannon  
  26  3:18  Pylon  
  27  3:21  Probe (Chrono Boost)  
  27  3:31  Void Ray  
  27  3:32  Robotics Facility  
  31  3:46  Zealot  
  31  4:03  Photon Cannon  
  31  4:08  Void Ray  
  35  4:35  Probe (Chrono Boost)  
  35  4:36  Warp Prism  
  38  4:53  Void Ray  
  42  5:09  Stargate  
  42  5:13  Pylon  
  42  5:15  Pylon  
  42  5:31  Nexus  
  42  5:36  Observer  
  43  5:50  Void Ray  
  43  5:57  Void Ray  
  47  6:02  Assimilator  
  51  6:06  Assimilator  
  51  6:12  Protoss Air Weapons Level 1  
  51  6:45  Probe (Chrono Boost)  
  52  6:50  Void Ray  
  52  6:55  Probe (Chrono Boost)  
  52  6:57  Void Ray  
  61  7:05  Pylon  
  61  7:07  Pylon  
  61  7:27  Void Ray  
  63  7:48  Void Ray  
  67  8:04  Void Ray  
  71  8:31  Void Ray  
  75  8:42  Void Ray  
  24  10:30  Pylon  
  24  10:34  Gateway, Forge  
  24  10:38  Pylon  
  24  10:48  Pylon, Probe (Chrono Boost)  
  25  10:54  Pylon  
  25  10:59  Probe (Chrono Boost)  
  26  11:10  Probe (Chrono Boost)  
  27  11:32  Probe (Chrono Boost)  
  16  11:41  Stargate  
  16  11:42  Stargate  
  16  11:43  Probe (Chrono Boost)  
  16  11:44  Stargate  
  19  12:17  Photon Cannon  
  4  13:24  Nexus  
Show
View Real Time Build Order
Export as new Build Order

dallaskuken Protoss 

Build Orders:  

Get SALT Encoding   

  12  0:02  Probe (Chrono Boost)  
  13  0:12  Probe (Chrono Boost)  
  14  0:21  Pylon  
  14  0:28  Probe (Chrono Boost)  
  15  0:39  Probe (Chrono Boost)  
  16  1:01  Pylon  
  16  1:03  Probe (Chrono Boost)  
  17  1:14  Probe (Chrono Boost)  
  18  1:19  Gateway  
  18  1:21  Gateway  
  18  1:30  Gateway  
  18  1:39  Probe (Chrono Boost)  
  19  1:44  Assimilator  
  19  1:50  Probe (Chrono Boost)  
  20  2:06  Cybernetics Core  
  22  2:08  Zealot x2  
  24  2:20  Zealot  
  26  2:24  Pylon  
  26  2:35  Zealot x2  
  30  2:47  Zealot  
  30  3:06  Zealot x2  
  30  3:14  Zealot  
  32  3:21  Pylon  
  28  4:01  Nexus  
  28  4:04  Pylon  
  23  4:40  Gateway  
  21  4:46  Pylon  
  19  5:07  Gateway  
  19  5:15  Forge  
  19  5:21  Nexus  
  20  5:57  Probe (Chrono Boost)  
  20  5:59  Assimilator  
  20  6:04  Stargate  
  20  6:07  Probe (Chrono Boost)  
  21  6:18  Probe (Chrono Boost)  
  22  6:28  Probe (Chrono Boost)  
  23  6:40  Probe (Chrono Boost)  
  24  6:51  Photon Cannon x2  
  24  6:53  Photon Cannon  
  24  6:54  Photon Cannon  
  24  7:00  Pylon  
  24  7:05  Probe (Chrono Boost)  
  24  7:06  Fleet Beacon  
  25  7:14  Pylon  
  25  7:16  Probe (Chrono Boost)  
  26  7:26  Probe (Chrono Boost)  
  27  7:37  Probe (Chrono Boost)  
  27  7:41  Void Ray  
  31  7:47  Probe (Chrono Boost)  
  32  7:58  Probe (Chrono Boost)  
  33  8:02  Stargate  
  33  8:06  Stargate  
  33  8:08  Probe (Chrono Boost)  
  33  8:09  Stargate  
  33  8:10  Assimilator  
  34  8:14  Assimilator  
  34  8:19  Probe (Chrono Boost)  
  35  8:29  Probe (Chrono Boost)  
  36  8:40  Probe (Chrono Boost)  
  37  8:50  Probe (Chrono Boost)  
  37  8:53  Void Ray  
  37  8:54  Void Ray  
  46  9:01  Probe (Chrono Boost)  
  47  9:11  Probe (Chrono Boost)  
  48  9:22  Probe (Chrono Boost)  
  28  10:26  Void Ray x2  
  28  10:27  Probe (Chrono Boost), Void Ray  
  29  10:28  Pylon  
  29  10:29  Pylon  
  29  10:34  Pylon  
  29  10:38  Probe (Chrono Boost)  
  30  10:48  Probe (Chrono Boost)  
  31  10:50  Carrier  
  31  10:55  Probe (Chrono Boost)  
  38  10:59  Probe (Chrono Boost)  
  39  11:06  Probe (Chrono Boost)  
  39  11:09  Probe (Chrono Boost)  
  41  11:17  Probe (Chrono Boost)  
  42  11:20  Probe (Chrono Boost)  
  42  11:21  Void Ray  
  47  11:27  Probe (Chrono Boost)  
  47  11:30  Probe (Chrono Boost)  
  49  11:38  Probe (Chrono Boost)  
  50  11:41  Probe (Chrono Boost)  
  51  11:51  Probe (Chrono Boost)  
  52  12:01  Void Ray x2  
  52  12:02  Probe (Chrono Boost)  
  61  12:11  Void Ray  
  65  12:34  Void Ray  
  69  12:56  Void Ray  
  73  13:20  Pylon  
  62  14:10  Void Ray x2  
  17  15:10  Probe (Chrono Boost)  
  17  15:21  Probe (Chrono Boost)  
Show
View Real Time Build Order
Export as new Build Order

FrogMint Zerg 

Build Orders: Hatch First 

Get SALT Encoding   

  12  0:02  Drone  
  13  0:13  Drone  
  14  0:19  Overlord  
  14  0:37  Drone x2  
  14  0:38  Drone  
  17  0:57  Drone  
  18  0:59  Hatchery  
  17  1:05  Extractor  
  16  1:19  Spawning Pool, Drone  
  16  1:22  Drone  
  17  1:27  Drone  
  17  1:31  Drone  
  19  1:42  Overlord  
  19  1:53  Drone  
  20  2:06  Drone  
  20  2:07  Queen  
  23  2:11  Metabolic Boost  
  23  2:19  Spine Crawler  
  23  2:20  Queen  
  24  2:23  Drone  
  24  2:26  Zergling x4  
  27  2:43  Drone x3  
  30  2:48  Drone  
  30  2:49  Drone  
  32  2:55  Drone  
  33  2:59  Overlord  
  33  3:13  Drone  
  33  3:14  Drone  
  35  3:25  Drone x2  
  35  3:26  Drone x3  
  40  3:30  Overlord x2  
  40  3:32  Hatchery  
  39  3:41  Spore Crawler  
  38  3:45  Zergling x2  
  38  3:46  Zergling x6  
  42  3:53  Zergling x2  
  42  3:54  Zergling x6  
  45  4:13  Lair  
  45  4:19  Zergling x12  
  51  4:25  Drone  
  51  4:40  Drone  
  51  4:41  Drone  
  53  4:59  Drone x10, Extractor  
  62  5:08  Extractor x2  
  62  5:09  Drone x2  
  62  5:16  Drone x2  
  64  5:21  Queen  
  66  5:37  Overseer  
  66  5:54  Spire  
  65  6:06  Zergling x2  
  65  6:08  Overlord x5  
  65  6:25  Spore Crawler  
  54  6:28  Spore Crawler  
  53  6:35  Spore Crawler  
  53  6:36  Spore Crawler  
  53  6:39  Drone x2  
  53  6:40  Drone  
  53  6:46  Extractor  
  53  6:49  Extractor  
  52  7:04  Drone x2  
  52  7:05  Drone  
  52  7:07  Mutalisk x4  
  63  7:14  Mutalisk  
  65  7:16  Overlord  
  65  7:17  Overlord x2  
  65  7:26  Mutalisk x2  
  69  7:39  Mutalisk  
  69  7:40  Mutalisk  
  73  7:46  Zergling x12  
  73  7:47  Zergling x6  
  82  7:54  Mutalisk  
  82  7:55  Mutalisk  
  82  7:57  Zergling x2  
  82  7:58  Zergling x10  
  90  8:01  Zergling x2  
  90  8:02  Zergling x2  
  89  8:30  Mutalisk, Zergling x2  
  89  8:31  Mutalisk x5  
  96  8:57  Mutalisk  
  96  8:58  Mutalisk x2  
  102  9:09  Mutalisk  
  102  9:11  Hatchery  
  102  9:12  Zergling x10  
  102  9:13  Zergling x2  
  109  9:23  Mutalisk  
  111  9:25  Zergling x2  
  112  9:42  Mutalisk  
  112  9:43  Zergling x4  
  116  9:48  Mutalisk  
  118  9:53  Overlord  
  118  10:06  Mutalisk  
  118  10:07  Mutalisk  
  118  10:09  Overlord x3  
  118  10:10  Zergling x2  
  123  10:24  Zerg Flyer Weapons Level 1  
  123  10:25  Mutalisk  
  123  10:26  Overlord x3  
  124  10:28  Zergling x2  
  124  10:29  Zergling x10  
  124  10:33  Queen  
  124  10:34  Mutalisk  
  133  10:52  Mutalisk  
  133  10:53  Mutalisk x2  
  139  11:01  Mutalisk  
  139  11:02  Mutalisk x2  
  145  11:17  Mutalisk x3  
  151  11:19  Overlord  
  151  11:20  Zergling x4  
  149  12:05  Mutalisk x6  
  146  12:23  Mutalisk  
  146  12:24  Mutalisk  
  150  12:36  Mutalisk x2  
  154  13:08  Zergling x2  
  154  13:09  Zergling x14  
  162  13:36  Mutalisk  
  162  13:37  Mutalisk x3  
  169  13:59  Mutalisk  
  169  14:00  Mutalisk x5  
  158  14:30  Zergling x12  
  127  14:57  Drone  
  127  14:58  Drone x2  
  130  15:12  Mutalisk  
  130  15:13  Mutalisk x2  
  130  15:14  Hatchery  
  136  15:37  Hatchery  
Show
View Real Time Build Order
Export as new Build Order

Loken Zerg 

Build Orders: Pool First 

Get SALT Encoding   

  12  0:01  Drone  
  13  0:08  Drone  
  14  0:17  Overlord  
  14  0:36  Drone x3  
  17  0:45  Spawning Pool  
  17  0:49  Drone  
  17  0:58  Drone  
  18  1:08  Drone  
  19  1:23  Overlord  
  19  1:24  Hatchery  
  18  1:33  Queen  
  18  1:36  Zergling x2  
  21  1:40  Zergling x2  
  22  1:54  Extractor x2  
  20  2:22  Drone x3  
  23  2:34  Drone  
  24  2:41  Drone  
  24  2:42  Queen  
  27  2:45  Drone x3  
  29  2:54  Drone x2  
  31  3:09  Metabolic Boost  
  31  3:18  Zergling x8  
  35  3:22  Overlord x2  
  35  3:26  Lair  
  35  3:38  Drone  
  36  3:42  Drone  
  36  3:43  Drone x3  
  40  3:56  Drone x7  
  47  4:04  Extractor  
  47  4:06  Extractor  
  45  4:17  Drone x4  
  49  4:30  Spire  
  48  4:32  Drone  
  48  4:33  Drone x2  
  51  4:45  Overlord x3  
  51  5:03  Queen x2  
  55  5:11  Zergling x2  
  55  5:12  Zergling x18  
  65  5:17  Overseer  
  61  5:38  Queen  
  63  5:44  Mutalisk  
  63  5:45  Mutalisk x5  
  63  5:47  Overlord x2  
  63  5:48  Overlord x2  
  75  6:10  Mutalisk x2  
  75  6:11  Mutalisk x2  
  83  6:44  Mutalisk  
  83  6:45  Mutalisk x4  
  93  6:49  Zergling x2  
  93  6:50  Zergling x8  
  98  6:57  Hatchery  
  98  6:59  Queen  
  99  7:01  Hatchery  
  99  7:06  Infestation Pit  
  95  7:57  Hive  
  95  8:00  Mutalisk  
  95  8:01  Mutalisk x5  
  107  8:06  Overlord x5  
  107  8:07  Overlord x2  
  107  8:46  Zergling x2  
  107  8:47  Zergling x38  
  107  8:48  Zergling x4  
  108  9:44  Mutalisk  
  108  9:45  Mutalisk x10  
  85  10:16  Zergling x22  
  85  10:17  Zergling x26  
  109  10:41  Adrenal Glands  
  109  10:58  Overseer  
  109  11:09  Zergling x12  
  109  11:10  Zergling x24  
  117  12:15  Zergling x2  
  117  12:16  Zergling x20  
  117  12:17  Zergling x42  
  134  12:44  Mutalisk x8  
  133  12:45  Mutalisk x5  
  133  12:48  Overlord x2  
  133  12:49  Overlord  
  144  13:10  Overseer x2  
  144  13:15  Hatchery  
  139  13:23  Hatchery  
  136  13:42  Pneumatized Carapace  
  135  14:06  Mutalisk x9  
  135  14:07  Mutalisk x3  
  67  14:47  Overseer x3  
  67  14:54  Mutalisk x12  
  67  14:55  Mutalisk  
Show
View Real Time Build Order
Export as new Build Order

Scaramanga Terran 

Build Orders: MMM Bio 

Get SALT Encoding   

  12  0:00  SCV  
  13  0:13  SCV  
  14  0:17  Supply Depot  
  14  0:25  SCV  
  15  0:39  SCV  
  15  0:41  Barracks  
  16  0:51  SCV  
  16  0:54  Refinery  
  17  1:03  SCV  
  18  1:15  SCV  
  19  1:27  SCV  
  19  1:28  Marine  
  21  1:46  Marine  
  22  1:52  Command Center  
  22  1:56  Orbital Command  
  22  2:06  Factory  
  22  2:13  Barracks Tech Lab  
  22  2:17  Supply Depot  
  22  2:22  SCV  
  23  2:48  SCV  
  23  2:50  Starport  
  24  2:56  Refinery  
  24  2:59  Factory Tech Lab  
  24  3:00  SCV  
  24  3:04  Orbital Command  
  24  3:14  SCV  
  25  3:26  SCV  
  26  3:30  Factory Tech Lab, SCV  
  27  3:39  SCV  
  28  3:42  Banshee, SCV  
  28  3:48  Barracks  
  32  3:49  Barracks  
  32  3:52  Marauder  
  32  3:54  Concussive Shells  
  32  3:55  SCV x2  
  36  4:07  SCV x2  
  38  4:13  Supply Depot  
  38  4:19  SCV  
  38  4:20  SCV  
  40  4:24  Banshee  
  40  4:25  Marine  
  44  4:31  SCV  
  44  4:32  SCV  
  44  4:34  Engineering Bay  
  44  4:37  Stimpack  
  46  4:43  SCV  
  46  4:44  Barracks Reactor, SCV, Barracks Tech Lab  
  48  4:53  Supply Depot  
  48  4:56  SCV x2, Supply Depot  
  48  4:57  Marauder  
  52  5:08  SCV x2  
  54  5:18  Marine  
  54  5:20  SCV x2, Missile Turret  
  57  5:23  Missile Turret  
  55  5:32  SCV x2  
  43  5:44  SCV x2  
  42  5:56  SCV x2  
  43  5:57  Marine  
  43  5:58  Marauder x2, Marine  
  47  6:08  SCV x2  
  45  6:15  Marine  
  45  6:16  Marine  
  47  6:19  Marauder  
  47  6:20  Marauder  
  47  6:23  Refinery  
  51  6:29  Siege Tank  
  51  6:31  Refinery  
  54  6:33  Marine x2  
  56  6:40  Marine  
  56  6:41  Marauder  
  59  6:51  Marine x2  
  61  6:58  Marine  
  61  6:59  Missile Turret  
  62  7:01  Marine  
  63  7:15  Refinery  
  63  7:16  SCV x2, Refinery  
  63  7:17  Marauder  
  67  7:28  SCV x2  
  69  7:30  Command Center  
  69  7:34  Marine  
  70  7:42  Supply Depot  
  70  7:43  Supply Depot  
  70  7:46  Combat Shields  
  70  7:53  Barracks  
  70  7:55  Barracks  
  70  8:03  Marauder, SCV x2, Marine x3  
  70  8:04  Siege Tank  
  76  8:15  SCV x2  
  74  8:21  Marine x3  
  74  8:24  Marine  
  73  8:27  SCV, Terran Infantry Weapons Level 1  
  79  8:43  Orbital Command  
  79  8:46  Marine x2  
  79  8:47  Marine  
  80  8:52  Missile Turret  
  79  9:04  Marine x2  
  79  9:12  Missile Turret  
  79  9:18  Missile Turret  
  79  9:21  Missile Turret  
  79  9:22  Refinery, Marine x2, Missile Turret  
  81  9:25  Refinery  
  81  9:31  Factory  
  81  9:32  Missile Turret  
  81  9:33  Barracks  
  81  10:01  Barracks Reactor, Barracks Tech Lab  
  81  10:12  Barracks  
  81  10:19  Factory Reactor  
  81  10:20  Starport  
  81  10:21  Terran Infantry Armor Level 1  
  81  10:23  Marauder, Marine  
  81  10:25  SCV x2  
  86  10:37  SCV x2  
  88  10:44  Orbital Command, Barracks Reactor  
  88  10:52  Engineering Bay  
  88  10:56  Armory  
  88  11:12  Orbital Command  
  88  11:20  Supply Depot  
  88  11:23  Supply Depot  
  88  11:26  Supply Depot  
  88  11:40  Missile Turret  
  88  11:45  Supply Depot  
  86  11:48  SCV, Marine x4  
  89  12:06  Marine x3  
    13:19  Orbital Command  
Tags
 
Add a new tag
Caveats
  • Supply blocks, unpowered buildings, or Contaminate may cause inaccurate times.
  • Supply counts are checked every 10 seconds.